AoeStats
← Lair

Pilgrims

510271987Analyzed
4v4 RM · 3d ago on Sep 30, 2026· 13m 33s· 8 players
Game mode
Random Map
Map size
Large (8 player)
Population
200
Speed
Normal
Resources
Standard
Victory
Conquest
Starting age
Dark Age
Ending age
Imperial Age
RankedLock teamsTeams togetherTeam positionsShared explorationLock speedFull tech treeHidden civsTurbo modeCheats
Victory
Defeat
🇻🇳 Hindustanis · Vietnam
993
+13
🇻🇳 Italians · Vietnam
990
+13
🇨🇳 Burgundians · China
876
+18
🇮🇳 Huns · India
848
+20
🇪🇸 Vikings · Spain
942
-17
🇨🇳 Persians · China
940
-17
🇹🇷 Bulgarians · Türkiye
911
-15
🇹🇷 Chinese · Türkiye
909
-15
ryioze
13:19 Feudal Age
Lair
9:00 Loom
14:29 Feudal Age
sonsehzadee
3:29 Loom
11:34 Feudal Age
dearnh
kwik
9:05 Loom
13:32 Feudal Age
Đại Việt 2026
6:59 Loom
15:03 Feudal Age
Tào Tháo
6:19 Loom
hayate kokoa
8:04 Loom
8:10 Loom
14:32 Feudal Age
Connection lost

Rejoining the realm…

Still unreachable

The connection could not be restored.

Session expired

The server has moved on; the page needs a fresh start.